 Dungeon Crawl Stone Soup version 0.28.0-45-g0d030f2227 (webtiles) character file.

Game seed: 14715620217740484951

37 NinjaNoafa the Covered (level 3, 0/33 HPs)
             Began as a Minotaur Fighter on Apr 7, 2022.
             Slain by Crazy Yiuf
             ... wielding a +4 quarterstaff of chaos
              (7 damage)
             ... while paralysed by Crazy Yiuf
             ... on level 2 of the Dungeon.
             The game lasted 00:01:53 (1126 turns).

NinjaNoafa the Covered (Minotaur Fighter)           Turns: 1126, Time: 00:01:54

Health: 0/33       AC:  7    Str: 22    XL:     3   Next: 21%
Magic:  0/2        EV:  2    Int:  5    God:
Gold:   32         SH:  0    Dex:  9    Spells: 2/2 levels left

rFire   . . .      SeeInvis .   a - +0 long sword
rCold   . . .      Faith    .   c - +0 buckler
rNeg    . . .      Spirit   .   b - +0 scale mail
rPois   .          Reflect  .   (helmet restricted)
rElec   .          Harm     .   (no cloak)
rCorr   .          Rampage  .   (no gloves)
Will    .....                   (no boots)
Stlth   ..........              (no amulet)
HPRegen 0.11/turn               (no ring)
MPRegen 0.08/turn               (no ring)

@: paralysed
A: horns 2, retaliatory headbutt
a: no special abilities


You were on level 2 of the Dungeon.
You visited 1 branch of the dungeon, and saw 2 of its levels.

You collected 32 gold pieces.

Inventory:

Hand Weapons
 a - a +0 long sword (weapon)
Armour
 b - a +0 scale mail (worn)
 c - a +0 buckler (worn)
Scrolls
 j - a scroll of teleportation {unknown}
 k - a scroll of identify {unknown}
Potions
 d - a potion of might
 e - a potion of haste {unknown}
 f - a potion of berserk rage {unknown}
 g - a potion of brilliance {unknown}
 h - a potion of mutation {unknown}


   Skills:
 + Level 4.1 Fighting
 + Level 3.0 Long Blades
 + Level 4.1 Armour
 + Level 4.1 Shields


You had 2 spell levels left.
You didn't know any spells.
Your spell library contained the following spells:

 Spells                   Type           Power      Damage    Failure   Level
 Sandblast                Erth           0%         2d4       87%         1
 Passwall                 Tmut/Erth      0%         N/A       95%         2
 Sublimation of Blood     Necr           0%         N/A       95%         2
 Wereblood                Tmut           0%         N/A       95%         2
 Stone Arrow              Conj/Erth      0%         3d7       99%         3
 Summon Hydra             Summ           0%         N/A       100%        7


Dungeon Overview and Level Annotations

Branches:
Dungeon (2/15)

Altars:

Annotations:
D:2 Crazy Yiuf


Innate Abilities, Weirdness & Mutations

You have a pair of horns on your head.
You reflexively headbutt those who attack you in melee.


Message History

The giant cockroach is severely wounded.
The giant cockroach barely misses you. The giant cockroach bites you.
You hit the giant cockroach but do no damage.
You headbutt the giant cockroach.
You kill the giant cockroach!
No target in view!
No target in view!
No target in view!
No target in view!
No target in view!
No target in view!
No target in view!
Found a stone staircase leading down.
No target in view!
Found a mace.
Found a runed translucent door.
Crazy Yiuf shouts!
Found a stone staircase leading up.
Crazy Yiuf cries, "Rot disdain horse!"
You open the door.
Sorry, you're not good enough to have a special ability.
Sorry, you're not good enough to have a special ability.
You hit Crazy Yiuf.
Crazy Yiuf is moderately wounded.
Crazy Yiuf flaps his cloak.
Crazy Yiuf hits you with a +4 quarterstaff of chaos!
You feel your power leaking away.
Crazy Yiuf cries, "Race!"
Crazy Yiuf hits you with a +4 quarterstaff of chaos.
Crazy Yiuf draws strength from your wounds!
Crazy Yiuf twirls on the spot.
Okay, then.
As you read the scroll labelled LEFEROWUMN, it crumbles to dust.
The scroll dissolves into smoke.
It was a scroll of fog.
Crazy Yiuf grits, "Line!"
Crazy Yiuf hits you with a +4 quarterstaff of chaos!
* * * LOW HITPOINT WARNING * * *
You suddenly lose the ability to move!
Crazy Yiuf grits, "Lay alas light!"
Crazy Yiuf hits you with a +4 quarterstaff of chaos!
You die...

#......##..........#
#.
........#.....>....#
#.
........#..........#
#.
<...............####
## ................#
................#
.#####..########
##§§§# #§§@§# #§§g§#
### #§§§§# #<#
#.§.## ##.#########
##.## #...(.......
#.## #.....######
##.# ##)....# #g##
#...#..# ##.#
#...#..#


You could see Crazy Yiuf.

Vanquished Creatures
  A dart slug (D:2)
  6 bats (D:1)
  2 endoplasms
  4 giant cockroaches
  A goblin (D:2)
  6 hobgoblins (D:1)
  6 ball pythons
  A frilled lizard (D:1)
  3 kobolds
  3 rats (D:1)
33 creatures vanquished.

Notes
Turn   | Place    | Note
-------+----------+-------------------------------------------
     0 | D:1      | NinjaNoafa the Minotaur Fighter began the quest for the
                  | Orb.
     0 | D:1      | Reached XP level 1. HP: 19/19 MP: 0/0
   206 | D:1      | Reached XP level 2. HP: 27/27 MP: 1/1
   271 | D:1      | Found a faded altar of an unknown god.
   853 | D:2      | Reached XP level 3. HP: 33/33 MP: 2/2
  1091 | D:2      | Found a runed translucent door.
  1092 | D:2      | Noticed Crazy Yiuf
  1125 | D:2      | Paralysed by Crazy Yiuf for 5 turns
  1126 | D:2      | Slain by Crazy Yiuf

Illustrated notes

Levels and vault maps discovered:
D:1:      heliophobic_arrival_enchanted_forest, layout_basic, serial_forest,
          infiniplex_forest_clump_curved, infiniplex_forest_lined_1,
          infiniplex_forest_lined_2, infiniplex_forest_lined_3,
          infiniplex_forest_lined_corner, infiniplex_forest_clump_tiny,
          infiniplex_forest_straight_4, infiniplex_forest_clump_double,
          shapermc_ecumenical_altar_venn
D:2:      layout_basic, chequers_serial_rivers_large_b,
          kennysheep_generic_room_13, uniq_crazy_yiuf_cottage

Skill      XL: |  1  2 |
---------------+-------+-----
Armour         | 4 |  4.1
Fighting       | 4 |  4.1
Shields        | 4 |  4.1
Long Blades    | 3 |  3.0

Action                   || total
-------------------------++-------
Melee: Long sword        ||    67
       Headbutt          ||     7
  Use: Scroll            ||     1
Armor: Scale mail        ||    37
Dodge: Dodged            ||    38
Block: Buckler           ||    18
